 Dungeon Crawl Stone Soup version 0.30-a0-634-g8abc85282e (webtiles) character file.

Game seed: 12546061693765676093

1578 Leeroy the Carver (level 8, -2/44 HPs)
             Began as a Tengu Warper on Jan 14, 2023.
             Was an Elder of Uskayaw.
             Killed by miscasting Vhi's Electric Charge (13 damage)
             ... on level 7 of the Dungeon.
             The game lasted 00:14:16 (6855 turns).

Leeroy the Carver (Tengu Warper)                    Turns: 6855, Time: 00:14:17

Health: -2/44      AC:  4    Str: 12    XL:     8   Next: 91%
Magic:  5/12       EV: 17    Int: 13    God:    Uskayaw [****..]
Gold:   328        SH:  0    Dex: 16    Spells: 2/11 levels left

rFire   . . .      SeeInvis .    a - +0 falchion
rCold   . . .      Faith    .    (no shield)
rNeg    . . .      Spirit   .    b - +0 leather armour
rPois   .          Reflect  .    (helmet restricted)
rElec   .          Harm     .    (no cloak)
rCorr   .          Rampage  .    l - +0 pair of gloves
Will    .....                    (boots unavailable)
Stlth   +                        (no amulet)
HPRegen 0.27/turn                (no ring)
MPRegen 0.13/turn                (no ring)

@: flying quickly and evasively, very slightly contaminated, quick
A: beak, talons 3, nimble flight
a: Renounce Religion, Stomp, Line Pass


You were on level 7 of the Dungeon.
You worshipped Uskayaw.
Uskayaw was noncommittal.
You visited 2 branches of the dungeon, and saw 8 of its levels.

You collected 328 gold pieces.

Inventory:

Hand Weapons
 a - a +0 falchion (weapon)
 q - a +4 antimagic dire flail
 y - a +0 rapier
 F - a +3 dagger
 G - a +1 dagger of venom
 I - a +4 dagger of chaos
Missiles
 d - 6 boomerangs of dispersal
 u - 5 javelins (quivered)
 w - 9 poisoned darts
 E - 6 silver javelins
Armour
 b - a +0 leather armour (worn)
 i - a +0 buckler
 j - a +0 kite shield
 l - a +0 pair of gloves (worn)
 D - a +2 buckler
Wands
 c - a wand of light (8)
 s - a wand of flame (3)
Scrolls
 e - 2 scrolls of torment {unknown}
 h - 5 scrolls of identify {unknown}
 m - a scroll of poison {unknown}
 o - 2 scrolls of teleportation {unknown}
 p - 2 scrolls of enchant weapon {unknown}
 x - a scroll of fear {unknown}
 A - a scroll of fog {unknown}
 J - a scroll of magic mapping {unknown}
 K - a scroll of noise {unknown}
 L - a scroll of enchant armour {unknown}
Potions
 f - a potion of magic {unknown}
 g - 9 potions of curing
 k - a potion of heal wounds {unknown}
 n - a potion of attraction {unknown}
 r - 2 potions of lignification {unknown}
 t - a potion of degeneration {unknown}
 v - a potion of mutation {unknown}
 z - a potion of flight {unknown}
 B - a potion of ambrosia {unknown}
 C - 2 potions of might {unknown}
 H - a potion of resistance {unknown}


   Skills:
 - Level 2.0 Fighting
 + Level 10.4 Long Blades
 - Level 1.0 Throwing
 - Level 1.1 Armour
 - Level 6.2 Dodging
 - Level 2.0 Spellcasting
 - Level 2.4 Translocations
 - Level 1.5 Air Magic
 - Level 0.8 Evocations


You had 2 spell levels left.
You knew the following spells:

 Your Spells              Type           Power      Damage    Failure   Level
a - Blink                 Tloc           14%        N/A       19%         2
b - Vhi's Electric Charg  Tloc/Air       12%        N/A       41%         3
c - Manifold Assault      Tloc           7%         N/A       77%         4

Your spell library contained the following spells:

 Spells                   Type           Power      Damage    Failure   Level
 Necrotise                Necr           4%         1d4       32%         1
 Lesser Beckoning         Tloc           14%        N/A       36%         3
 Teleport Other           Tloc           7%         N/A       36%         3
 Leda's Liquefaction      Hex/Erth       0%         N/A       97%         4
 Lee's Rapid Deconstruct  Erth           0%         3d4*      100%        5
 Statue Form              Tmut/Erth      0%         N/A       100%        6


Dungeon Overview and Level Annotations

Branches:
Dungeon (7/15)             Temple (1/1) D:4

Altars:
Cheibriados
Elyvilon
Fedhas
Hepliaklqana
Kikubaaqudgha
Makhleb
Nemelex Xobeh
Okawaru
Qazlal
Ru
Sif Muna
Trog
Uskayaw
Vehumet
Wu Jian
Xom

Annotations:
D:4 Dowan, Duvessa
D:5 Pikel
D:6 Grinder, Maggie


Innate Abilities, Weirdness & Mutations

You have a beak for a mouth.
You have claws for feet.
Your magical nature lets you fly swiftly and evasively.


Message History

The wight zaps a wand.
The roots erupt in riotous growth!
The grasping roots grab you! The grasping roots constrict you.
The hound barks!
You hear a shout! x2
The roots grasp on you weakens, but your attempt to escape fails.
The grasping roots constrict you.
The wight hits you with a +2 mace of freezing.
* * * LOW HITPOINT WARNING * * *
You feel drained. The wight freezes you.
* * * LOW HITPOINT WARNING * * *
You escape the roots grasp.
The wight is no longer sharing its pain. x2
There is a stone staircase leading down here.
The wight closely misses you.
You fly downwards.
You hear the hiss of flowing sand.
There is an entrance to an ossuary on this level.
Hurry and find it before the portal is buried!
Found 5 poisoned darts.
There is a stone staircase leading up here.
You hit the wight but do no damage. You claw the wight.
The wight is heavily damaged.
The wight closely misses you.
You hit the wight. You claw the wight.
You destroy the wight!
The bullfrog gives a loud, deep croak!
Uskayaw will force your foes to share their pain.
Your life force feels restored.
Items here: $ ) ? [.
h - 5 scrolls labelled PASOUS MUZAPH (gained 1)
You now have 328 gold pieces (gained 8).
Casting: Vhi's Electric Charge (quite dangerous; 41% risk of failure)
Confirm with . or Enter, or press ? or * to list all spells.
The spell is quite dangerous to miscast (41% risk of failure)!
Continue anyway?
Charge where?
Press: ? - help, Dir - move target, f - bullfrog
Aim: a bullfrog (76% to hit)
You miscast Vhi's Electric Charge.
You are very lightly contaminated with residual magic.
You are blasted with air!
You die...

..#.####
......#
###.....#
.......#
#.....#
#.....#
#.....#
#.F)@.#
#...<.#
.........#
......#####
......
..(...
..... .....


You could see a bullfrog.

Vanquished Creatures
  Eustachio (D:4)
  Menkaure (D:4)
  Edmund (D:5)
  An ice beast (D:6)
  3 ogres
  A kobold brigand (D:4)
  4 lemures (D:6)
  2 scorpions
  A wight (D:7)
  A crimson imp (D:5)
  A hound (D:6)
  2 jellies (D:5)
  Terence (D:2)
  5 iguanas
  3 orc wizards (D:5)
  Robin (D:4)
  4 gnolls
  11 adders
  4 worms
  2 dart slugs
  6 orcs
  6 endoplasms
  2 giant cockroaches
  18 goblins
  8 hobgoblins
  4 kobolds
  3 quokkas
  6 ball pythons
  7 bats
  5 frilled lizards
  8 rats
123 creatures vanquished.

Vanquished Creatures (others)
  2 bushes (D:6)
2 creatures vanquished.

Grand Total: 125 creatures vanquished

Notes
Turn   | Place    | Note
-------+----------+-------------------------------------------
     0 | D:1      | Leeroy the Tengu Warper began the quest for the Orb.
     0 | D:1      | Reached XP level 1. HP: 12/12 MP: 4/4
   175 | D:1      | Reached XP level 2. HP: 17/17 MP: 6/6
   190 | D:1      | Reached skill level 3 in Long Blades
   591 | D:1      | Learned a level 2 spell: Blink
   657 | D:1      | Reached XP level 3. HP: 12/21 MP: 7/7
  1002 | D:2      | Reached skill level 4 in Long Blades
  1172 | D:2      | Reached XP level 4. HP: 21/26 MP: 8/8
  1379 | D:2      | Reached skill level 5 in Long Blades
  1926 | D:2      | Gained mutation: Your magical nature lets you fly swiftly
                  | and evasively. [Tengu growth]
  1926 | D:2      | Reached XP level 5. HP: 30/30 MP: 9/9
  2118 | D:2      | Noticed Terence
  2216 | D:2      | Killed Terence
  2457 | D:3      | Found a hide-covered altar of Uskayaw.
  2470 | D:3      | Became a worshipper of Uskayaw the Reveller
  2540 | D:3      | Reached * piety under Uskayaw
  2709 | D:3      | Reached ** piety under Uskayaw
  2711 | D:3      | Reached skill level 6 in Long Blades
  3125 | D:4      | Found a staircase to the Ecumenical Temple.
  3194 | D:4      | Reached XP level 6. HP: 35/35 MP: 10/10
  3206 | D:4      | Learned a level 3 spell: Vhi's Electric Charge
  3224 | D:4      | Noticed Eustachio
  3241 | D:4      | Reached *** piety under Uskayaw
  3247 | D:4      | Reached **** piety under Uskayaw
  3250 | D:4      | Reached ***** piety under Uskayaw
  3263 | D:4      | Killed Eustachio
  3264 | D:4      | Reached skill level 7 in Long Blades
  3370 | D:4      | Reached XP level 7. HP: 24/40 MP: 11/11
  3383 | D:4      | Learned a level 4 spell: Manifold Assault
  3524 | D:5      | Entered Level 5 of the Dungeon
  3644 | D:5      | Reached skill level 8 in Long Blades
  3690 | D:5      | Found an ancient bone altar of Kikubaaqudgha.
  3691 | D:5      | Found a shimmering blue altar of Sif Muna.
  3692 | D:5      | Found a radiant altar of Vehumet.
  3695 | D:5      | Got Kikubaaqudgha's Papyrus of Evil
  3938 | D:5      | Found an iron altar of Okawaru.
  3980 | D:5      | Noticed Edmund
  4163 | D:5      | Killed Edmund
  4164 | D:5      | Reached XP level 8. HP: 44/44 MP: 12/12
  4215 | D:5      | Reached skill level 9 in Long Blades
  4370 | D:5      | Found a snail-covered altar of Cheibriados.
  4717 | D:5      | Reached skill level 5 in Dodging
  4802 | D:5      | Found a burning altar of Makhleb.
  4802 | D:5      | Found a shimmering altar of Xom.
  4993 | D:6      | Noticed Pikel
  5062 | Temple   | Entered the Ecumenical Temple
  5248 | D:4      | Reached skill level 1 in Air Magic
  5409 | D:4      | Noticed Duvessa
  5409 | D:4      | Noticed Dowan
  5821 | D:4      | Noticed Robin
  5826 | D:4      | Killed Robin
  5865 | D:4      | Found a hazy altar of Hepliaklqana.
  6151 | D:4      | Found a blossoming altar of Fedhas.
  6194 | D:4      | Noticed Menkaure
  6206 | D:4      | Killed Menkaure
  6603 | D:6      | Noticed Maggie
  6644 | D:6      | Noticed Grinder
  6644 | D:6      | Paralysed by Grinder for 5 turns
  6836 | D:6      | Reached skill level 10 in Long Blades
  6855 | D:7      | Killed by miscasting Vhi's Electric Charge

Illustrated notes

Levels and vault maps discovered:
D:1:      minmay_arrival_nine_rooms, layout_loops_ring
D:2:      minmay_door_path, layout_basic, serial_co_window_serial,
          co_window_paths_a, co_window_paths_b, co_window_corner_a,
          co_window_corner_a, co_window_paths_b, co_window_paths_c,
          co_window_cross_4, co_window_corner_cb, co_window_broadway_a,
          co_window_paths_c, co_window_paths_e, glass_columns_a,
          glass_columns_b, glass_columns_c, minmay_heptomino_d4, uniq_terence
D:3:      cheibrodos_old_hovel, layout_loops_ring, nicolae_uskayaw_dance_hall
D:4:      layout_basic, kennysheep_mini, mainiacjoe_overflow_six_doors_small,
          minmay_temple_entry_grid, roderic_lattice_a, guppyfry_early_orc_mine,
          uniq_robin, uniq_duvessa, uniq_menkaure, uniq_eustachio
D:5:      layout_basic, grunt_temple_overflow_champion_of_chaos,
          grunt_temple_overflow_magic_moments, okawaru_metal_pillars_1_2,
          mainiacjoe_overflow_catwalk, uniq_edmund
D:6:      layout_basic, nicolae_ashenzari_panopticon, serial_shops,
          nicolae_inconvenience_store, minmay_hedge_maze, uniq_maggie,
          uniq_grinder, uniq_pikel
D:7:      layout_rooms, nicolae_ossuary_entry_ruins
Temple:   hellmonk_temple_micro_hex

Skill      XL: |  1  2  3  4  5  6  7  8 |
---------------+-------------------------+-----
Long Blades    | 3 4 5 6 7 8 10 | 10.4
Dodging        | 3 4 6 |  6.2
Air Magic      | 1 |  1.5
Fighting       | |  2.0
Throwing       | |  1.0
Armour         | |  1.1
Spellcasting   | |  2.0
Translocations | |  2.4
Evocations     | |  0.8

Action                   |  1- 3 |  4- 6 |  7- 9 || total
-------------------------+-------+-------+-------++-------
Melee: Falchion          |    79 |   154 |   212 ||   445
       Kick              |    15 |    43 |    74 ||   132
       Peck              |     9 |    26 |    43 ||    78
       Punch             |       |     2 |     4 ||     6
Throw: Dart              |       |     6 |    11 ||    17
       Javelin           |       |       |     2 ||     2
       Boomerang         |       |       |     1 ||     1
 Cast: Blink             |       |       |     8 ||     8
       Vhi's Electric Ch |       |       |     2 ||     2
Invok: Stomp             |       |     2 |       ||     2
Evoke: Wand              |       |       |    11 ||    11
  Use: Scroll            |       |       |     2 ||     2
       Potion            |       |       |     2 ||     2
 Stab: Sleeping          |     3 |     2 |       ||     5
       Paralysed         |       |     4 |     5 ||     9
       Distracted        |       |       |     1 ||     1
Armor: Leather armour    |    15 |    49 |    19 ||    83
Dodge: Dodged            |    45 |   103 |   128 ||   276

Table legend: (Time is in decaauts)
 A = Elapsed time spent in this place.
 B = Non-inter-level travel time spent in this place.
 C = Inter-level travel time spent in this place.
 D = Time resting spent in this place.
 E = Time spent auto-exploring this place.
 F = Levels seen in this place.
 G = Mean time per level.
                   A        B        C        D        E       F      G
               +--------+--------+--------+--------+--------+-----+--------+
         Total |   6540 |   6309 |    231 |    515 |   4258 |   8 |  817.5 |
       Dungeon |   6362 |   6131 |    231 |    339 |   4258 |   7 |  908.9 |
        Temple |    177 |    177 |      0 |    176 |      0 |   1 |  177.0 |
               +--------+--------+--------+--------+--------+-----+--------+

Top non-repeatable levels by time:
     D:5: 1525 daAuts
     D:2: 1297 daAuts
     D:4: 1115 daAuts
     D:3: 1016 daAuts
     D:1: 1014 daAuts
     D:6: 388 daAuts
  Temple: 177 daAuts
     D:7: 5 daAuts
